 Dungeon Crawl Stone Soup version 0.29.1-2-gbd0b4ee654 (webtiles) character file.

Game seed: 12189505485919568411

6439 JacoesBerries the Thaumaturge (level 10, -11/53 HPs)
             Began as a Deep Elf Conjurer on Nov 14, 2022.
             Was a Follower of Makhleb.
             Mangled by an angel
             ... wielding a +3 whip of holy wrath
             ... created by the Shining One
              (16 damage)
             ... on level 8 of the Dungeon.
             The game lasted 00:27:14 (9925 turns).

JacoesBerries the Thaumaturge (Deep Elf Conjurer)   Turns: 9925, Time: 00:27:14

Health: -11/53     AC:  5    Str:  4    XL:     10   Next: 67%
Magic:  33/37      EV: 13    Int: 34    God:    Makhleb [*.....]
Gold:   427        SH:  0    Dex: 13    Spells: 19/33 levels left

rFire   . . .      SeeInvis .   I - +2 dagger (venom)
rCold   . . .      Faith    .   (no shield)
rNeg    . . .      Spirit   .   a - +0 robe
rPois   .          Reflect  .   w - +0 helmet
rElec   .          Harm     .   h - +0 cloak
rCorr   .          Rampage  .   v - +0 pair of gloves
Will    +....                   (no boots)
Stlth   +.........              (no amulet)
HPRegen 0.17/turn               n - ring of magical power
MPRegen 0.25/turn               H - +6 ring of intelligence

@: silenced, attractive, glowing
A: no striking features
a: Renounce Religion


You were on level 8 of the Dungeon.
You worshipped Makhleb.
Makhleb was aware of your devotion.
You visited 1 branch of the dungeon, and saw 8 of its levels.

You collected 427 gold pieces.

Inventory:

Hand Weapons
 c - a +0 longbow
 p - a +1 dagger of protection
 s - a +3 quarterstaff of chaos
 y - a +1 dagger of holy wrath
 I - a +2 dagger of venom (weapon)
Missiles
 d - 15 poisoned darts (quivered)
 L - 6 datura-tipped darts
 M - 2 atropa-tipped darts
Armour
 a - a +0 robe (worn)
 h - a +0 cloak (worn)
 q - a +0 buckler
 v - a +0 pair of gloves (worn)
 w - a +0 helmet (worn)
 O - a +2 robe
 P - a +0 helmet of intelligence
Jewellery
 n - a ring of magical power (left hand)
 u - a ring of see invisible
 C - a +6 ring of dexterity
 F - a ring of wizardry
 H - a +6 ring of intelligence (right hand)
Wands
 m - a wand of flame (24)
 A - a wand of polymorph (13)
 E - a wand of paralysis (7)
 N - a wand of iceblast (11)
Scrolls
 e - a scroll of poison
 g - 3 scrolls of vulnerability
 i - a scroll of blinking {unknown}
 j - 2 scrolls of immolation
 o - a scroll of enchant armour {unknown}
 r - a scroll of enchant weapon {unknown}
 G - 2 scrolls of magic mapping
 J - 2 scrolls of identify
Potions
 b - 3 potions of magic
 f - a potion of flight
 k - 4 potions of haste
 l - a potion of mutation
 t - 2 potions of lignification {unknown}
 x - 2 potions of heal wounds {unknown}
 z - a potion of attraction
 D - a potion of degeneration {unknown}
 K - 2 potions of curing {unknown}


   Skills:
 + Level 1.8 Fighting
 + Level 2.4 Short Blades
 + Level 1.0 Throwing
 + Level 4.7 Dodging
 + Level 7.9 Stealth
 + Level 12.4 Spellcasting
 + Level 11.3 Conjurations
 + Level 2.6 Hexes
 + Level 4.6 Translocations
 + Level 0.4 Air Magic
 + Level 0.8 Poison Magic
 + Level 0.2 Evocations


You had 19 spell levels left.
You knew the following spells:

 Your Spells              Type           Power      Damage    Failure   Level
a - Magic Dart            Conj           100%       1d8       1%          1
b - Searing Ray           Conj           100%       2d8       1%          2
c - Iskenderun's Mystic   Conj/Tloc      66%        2d14      1%          4
d - Fulminant Prism       Conj/Hex       31%        3d16      1%          4
e - Mephitic Cloud        Conj/Pois/Air  49%        N/A       1%          3

Your spell library contained the following spells:

 Spells                   Type           Power      Damage    Failure   Level
 Freeze                   Ice            84%        1d10      1%          1
 Static Discharge         Conj/Air       57%        3-11/arc  1%          2
 Dazzling Flash           Conj/Hex       100%       N/A       1%          3
 Hailstorm                Conj/Ice       56%        3d12      1%          4
 Sticky Flame             Conj/Fire      56%        2d7       1%          4
 Call Imp                 Summ           21%        N/A       3%          2
 Frozen Ramparts          Ice            42%        1d7       6%          3
 Dispel Undead            Necr           21%        3d11      21%         4


Dungeon Overview and Level Annotations

Branches:
Dungeon (8/15)             Temple (0/1) D:4
   Lair: D:8-11

Altars:
Makhleb
Trog
The Shining One


Message History

You see here a +0 helmet of intelligence.
P - a +0 helmet of intelligence Unknown command.
Press: ? - help, v - describe, . - travel
Here: an angel, wielding a +3 whip of holy wrath and wearing a +0 robe (durably summoned, haloed)
The floor.
Unknown command.
The air fills with toxic fumes!
As you read the scroll labelled MIUTAUGUTOFE, it crumbles to dust.
It was a scroll of poison.
The angel closely misses you.
The angel hits you with a +3 whip of holy wrath!
Casting: Searing Ray (safe; 1% risk of failure)
Confirm with . or Enter, or press ? or * to list all spells.
You erupt in a blast of force!
The mystic blast hits the angel!
The angel is lightly wounded.
The angel is knocked back by the mystic blast.
The angel slams into the translucent rock wall!
The angel is moderately wounded.
The mystic blast hits the angel!
The angel is lightly wounded.
The angel is knocked back by the mystic blast.
The mystic blast hits the angel!!
The angel is moderately wounded.
The angel is knocked back by the mystic blast.
The angel closely misses you.
The angel hits you with a +3 whip of holy wrath.
Press: ? - help, v - describe, . - travel
Here: an angel, wielding a +3 whip of holy wrath and wearing a +0 robe (moderately wounded, durably summoned, haloed)
The floor.
As you read the scroll labelled FETWYWK BAME, it crumbles to dust.
A profound silence engulfs you.
It was a scroll of silence.
The angel hits you with a +3 whip of holy wrath!!
* * * LOW HITPOINT WARNING * * *
The angel hits you with a +3 whip of holy wrath!
* * * LOW HITPOINT WARNING * * *
You cannot cast spells when silenced!
It was a potion of attraction.
You feel attractive to monsters.
The angel hits you with a +3 whip of holy wrath!
You die...

.............#..##.#...##
....#####§.....>#...##..#
..###..§§§..............#
..#....§§####.....####...
.##....§§§..##....##.#...
.#...###§§...#...........
.#...#§§§##..#......#.#..
.#§§§#§§§§#§§#§§...###...
.#§§§§§§@A§§§§§#....###..
.§§#§§#AA§)#§§§#..^......
...#..##.§§#...#......#..
#..#...§§###...#......#..
...##..§§§....##.........
....####§§....#.........#
[......§§§..###.........#
.......§#####..........).
...........†...........


You could see 3 angels.

Vanquished Creatures
  A boulder beetle (D:8)
  A hydra (D:8)
  Pikel (D:7)
  An unseen horror (D:8)
  A hornet (D:7)
  6 yaks (D:8)
  A wyvern (D:8)
  4 water moccasins
  3 black bears
  An orc warrior (D:8)
  3 sky beasts
  2 ice beasts
  A centaur (D:8)
  3 phantoms
  2 kobold brigands
  A bullfrog (D:8)
  A necrophage (D:8)
  A water moccasin zombie (D:5)
  A scorpion (D:5)
  4 wights (D:8)
  A howler monkey (D:8)
  3 bullfrog zombies (D:5)
  3 jellies
  4 hounds
  Crazy Yiuf (D:7)
  5 orc priests
  2 gnoll boudas
  2 iguanas
  6 orc wizards
  A scorpion zombie (D:5)
  A hound zombie (D:5)
  A howler monkey zombie (D:5)
  14 gnolls
  A howler monkey skeleton (D:5)
  An adder (D:2)
  A shadow imp (D:8)
  3 white imps
  An ufetubus (D:6)
  6 worms
  9 dart slugs
  38 orcs
  7 ball pythons
  2 bats (D:3)
  4 endoplasms
  4 giant cockroaches
  11 goblins
  5 hobgoblins
  2 jackals
  14 kobolds
  3 quokkas
  A frilled lizard (D:2)
  12 rats
208 creatures vanquished.

Vanquished Creatures (others)
  14 fulminant prisms
  A withered plant (D:5)
15 creatures vanquished.

Grand Total: 223 creatures vanquished

Notes
Turn   | Place    | Note
-------+----------+-------------------------------------------
     0 | D:1      | JacoesBerries the Deep Elf Conjurer began the quest for the
                  | Orb.
     0 | D:1      | Reached XP level 1. HP: 10/10 MP: 6/6
   208 | D:1      | Reached XP level 2. HP: 15/15 MP: 5/8
   211 | D:1      | Learned a level 2 spell: Searing Ray
   450 | D:1      | Reached skill level 5 in Conjurations
  1125 | D:2      | Reached XP level 3. HP: 19/19 MP: 7/9
  2010 | D:2      | Found a faded altar of an unknown god.
  2014 | D:2      | Prayed at the altar of an unknown god.
  2014 | D:2      | Became a worshipper of the Shining One
  2014 | D:2      | Reached * piety under the Shining One
  2015 | D:2      | Fell from the grace of the Shining One
  2017 | D:2      | You fall into a shaft and drop 2 floors!
  2036 | D:4      | Reached XP level 4. HP: 24/24 MP: 11/11
  2084 | D:4      | Learned a level 4 spell: Iskenderun's Mystic Blast
  2090 | D:4      | Reached skill level 4 in Spellcasting
  2421 | D:3      | Reached XP level 5. HP: 27/28 MP: 13/13
  3442 | D:4      | Reached skill level 5 in Spellcasting
  3500 | D:4      | Reached XP level 6. HP: 25/32 MP: 15/15
  3513 | D:4      | Learned a level 4 spell: Fulminant Prism
  3698 | D:4      | Found a staircase to the Ecumenical Temple.
  3773 | D:4      | You fall into a shaft and drop 1 floor!
  3773 | D:5      | Entered Level 5 of the Dungeon
  4042 | D:5      | Noticed a water moccasin
  4047 | D:5      | Killed a water moccasin
  4048 | D:5      | Reached XP level 7. HP: 31/36 MP: 12/17
  4265 | D:4      | Reached skill level 6 in Spellcasting
  4967 | D:5      | Learned a level 3 spell: Mephitic Cloud
  5487 | D:5      | Reached skill level 7 in Spellcasting
  5690 | D:5      | Reached skill level 5 in Stealth
  5690 | D:5      | Reached XP level 8. HP: 18/42 MP: 9/20
  5695 | D:5      | Reached skill level 1 in Translocations
  6033 | D:5      | Reached skill level 1 in Short Blades
  6531 | D:6      | Reached skill level 8 in Spellcasting
  6573 | D:6      | Identified the +2 sling of Earthquakes {speed, Drain rPois
                  | rN+}
  7083 | D:7      | Noticed a moth of wrath
  7086 | D:7      | Found a bloodstained altar of Trog.
  7146 | D:7      | Found a runed translucent door.
  7147 | D:7      | Noticed Crazy Yiuf
  7155 | D:7      | Killed Crazy Yiuf
  7241 | D:7      | Reached skill level 1 in Fighting
  7611 | D:7      | Noticed a hornet
  7617 | D:7      | Killed a hornet
  7618 | D:7      | Reached XP level 9. HP: 47/47 MP: 21/23
  7833 | D:7      | Found a burning altar of Makhleb.
  7845 | D:7      | Reached skill level 9 in Spellcasting
  7861 | D:7      | Noticed Pikel
  7867 | D:7      | Killed Pikel
  7868 | D:7      | Reached skill level 10 in Conjurations
  7868 | D:7      | Reached skill level 1 in Hexes
  8148 | D:7      | Became a worshipper of Makhleb the Destroyer
  8457 | D:8      | Reached skill level 10 in Spellcasting
  8714 | D:8      | Reached XP level 10. HP: 29/52 MP: 6/26
  8939 | D:8      | Reached skill level 11 in Spellcasting
  8945 | D:8      | Noticed a boulder beetle
  9018 | D:8      | Noticed a five-headed hydra
  9186 | D:8      | Reached * piety under Makhleb
  9657 | D:8      | Killed a boulder beetle
  9658 | D:8      | Reached skill level 12 in Spellcasting
  9661 | D:8      | Killed a five-headed hydra
  9662 | D:8      | Reached skill level 1 in Throwing
  9921 | D:8      | Noticed an angel
  9921 | D:8      | Noticed an angel
  9921 | D:8      | Noticed an angel
  9925 | D:8      | Mangled by an angel

Illustrated notes

Levels and vault maps discovered:
D:1:      pf_arrival_petrified_forest, layout_loops_ring
D:2:      layout_loops_ring, hellmonk_ecumenical_altar_leap_of_faith,
          st_stairs_7
D:3:      layout_rooms, serial_park_tiny_1, minmay_quadrilaterals
D:4:      layout_basic, temple_green
D:5:      wander_river, layout_loops_corners, serial_undead, serial_undead_d,
          serial_undead_c, serial_undead_d, serial_undead_e
D:6:      layout_cave_pools
D:7:      layout_loops_cross, tgw_trog, nicolae_overflow_crystal_walls,
          minmay_puff, uniq_pikel, uniq_crazy_yiuf_cottage
D:8:      kennysheep_ambush_hall, layout_cave_pools, grunt_dithmenos_shadows,
          minmay_radiant

Skill      XL: |  1  2  3  4  5  6  7  8  9 10 |
---------------+-------------------------------+-----
Conjurations   | 5 6 7 8 9 10 11 | 11.3
Spellcasting   | 4 5 7 8 10 12 | 12.4
Stealth        | 3 4 5 6 7 |  7.9
Dodging        | 3 4 |  4.7
Translocations | 1 3 4 |  4.6
Short Blades   | 1 2 |  2.4
Fighting       | 1 |  1.8
Hexes          | 1 2 |  2.6
Throwing       | 1 |  1.0
Air Magic      | |  0.4
Poison Magic   | |  0.8
Evocations     | |  0.2

Action                   |  1- 3 |  4- 6 |  7- 9 | 10-12 || total
-------------------------+-------+-------+-------+-------++-------
Melee: Dagger            |       |     5 |    34 |     6 ||    45
Throw: Dart              |       |       |       |     6 ||     6
 Cast: Magic Dart        |    72 |    49 |    61 |     7 ||   189
       Searing Ray       |     5 |    23 |    34 |     4 ||    66
       Iskenderun's Myst |       |     1 |    25 |    18 ||    44
       Fulminant Prism   |       |       |    11 |     3 ||    14
       Mephitic Cloud    |       |       |     1 |       ||     1
Invok: Renounce Religion |     1 |       |       |       ||     1
Evoke: Wand              |       |       |       |     2 ||     2
  Use: Scroll            |       |     4 |     3 |     3 ||    10
       Potion            |       |       |     2 |     1 ||     3
 Stab: Sleeping          |       |     3 |     9 |       ||    12
Armor: Robe              |     1 |     5 |    14 |     4 ||    24
Dodge: Dodged            |     4 |    13 |    44 |    15 ||    76
